 Dungeon Crawl Stone Soup version 0.31.0-11-ge490571c62 (webtiles) character file.

Game seed: 9428425956650487404

175 qw the Ducker (level 5, -1/26 HPs)
             Began as a Spriggan Hunter on Feb 4, 2024.
             Killed by divine providence
             ... invoked by an orc priest
              (14 damage)
             ... on level 4 of the Dungeon.
             The game lasted 00:00:11 (2673 turns).

qw the Ducker (Spriggan Hunter)                     Turns: 2673, Time: 00:00:12

Health: -1/26      AC:  2    Str:  7    XL:     5   Next: 29%
Magic:  6/6        EV: 21    Int: 10    God:
Gold:   231        SH:  0    Dex: 21    Spells: 4/4 levels left

rFire   . . .        a - +0 shortbow
rCold   . . .        (shield currently unavailable)
rNeg    . . .        c - +0 robe
rPois   .            (helmet restricted)
rElec   .            (no cloak)
rCorr   .            (gloves unavailable)
SInv    +            (boots unavailable)
Will    .....        (no amulet)
Stlth   ++           (no ring)
HPRegen 0.24/turn    (no ring)
MPRegen 0.10/turn

%: no passive effects
@: very quick
A: very small, no large weapons, unfitting armour, see invisible, speed 3
a: no special abilities


You were on level 4 of the Dungeon.
You visited 1 branch of the dungeon, and saw 4 of its levels.

You collected 231 gold pieces.


Innate Abilities, Weirdness & Mutations

You are very small and have problems with some larger weapons.
You are too small for most types of armour.
You have supernaturally acute eyesight. (SInv)
You cover ground extremely quickly. (Speed+++)


   Skills:
 - Level 2.0 Fighting
 + Level 5.2 Ranged Weapons
 - Level 5.4 Dodging
 - Level 1.5 Stealth


You had 4 spell levels left.
You didn't know any spells.
Your spell library was empty.

Inventory:

Hand Weapons
 a - a +0 shortbow (weapon)
Armour
 c - a +0 robe (worn)
Wands
 b - a wand of polymorph (11)
 p - a wand of iceblast (4)
Scrolls
 q - a scroll of teleportation
Potions
 d - 2 potions of might
 f - a potion of haste
 g - a potion of curing
 i - a potion of resistance
 j - a potion of attraction {unknown}
 k - a potion of cancellation {unknown}
 l - a potion of degeneration {unknown}
 m - a potion of lignification {unknown}

Dungeon Overview and Level Annotations

Branches:
Dungeon (4/15)
 Temple: D:4-7

Altars:

Shops:
D:3 =

Annotations:
D:3 1 runed translucent door, Crazy Yiuf


Message History

The orc shouts!
You hear a shout! x2
You shoot an arrow. The arrow barely misses the orc.
You hear a shout! x3
An orc comes into view. It is wielding a +0 short sword.
An orc wizard comes into view. It is wielding a +0 dagger.
You shoot an arrow. The arrow completely misses the orc.
You shoot an arrow. The arrow hits the orc.
The orc is moderately wounded.
You shoot an arrow. The arrow hits the orc!
You kill the orc!
You shoot an arrow. The arrow hits the orc.
The orc is almost dead.
An orc comes into view. It is wielding a +0 hand axe.
You shoot an arrow. The arrow hits the orc.
You kill the orc!
The orc wizard mumbles some strange words.
The orc wizard flickers and vanishes for a moment.
You shoot an arrow. The arrow hits the orc wizard!
The orc wizard is heavily wounded.
You shoot an arrow. The arrow hits the orc wizard.
The orc wizard is severely wounded.
A kobold comes into view. It is wielding a +0 short sword.
An orc comes into view.
It is wielding a +2 vampiric dagger and quivering poisoned darts.
You shoot an arrow. The orc shouts!
The arrow hits the orc wizard but does no damage.
The orc wizard is severely wounded.
An orc priest comes into view. It is wielding a +0 dagger.
You shoot an arrow.
The arrow completely misses the orc wizard.
The orc priest shouts!
The arrow hits the orc.
The orc is heavily wounded.
The orc priest calls down the wrath of Beogh upon you.
Beogh smites you! The orc wizard closely misses you.
The orc wizard hits you with a +0 dagger.
The orc priest invokes the aid of Beogh against you.
Beogh smites you!
Ouch! That really hurt!
You die...

#. ..o $#
... .. #K.
.##.#
.#o## .o.
#o# #@#
#.#
#####.#
#.....#
#.#####
##########
#.#
.........#
#.#
.#######.#
#.#
..<#.....#
#.#


You could see an orc priest, an orc wizard (invisible), 2 orcs and a kobold.

Vanquished Creatures
  Ijyb (D:3)
  Natasha (twice) (D:3)
  4 gnolls (D:2)
  An adder (D:2)
  2 dart slugs
  2 ribbon worms (D:3)
  2 orcs (D:4)
  2 ball pythons
  5 bats
  5 endoplasms
  4 hobgoblins
  5 kobolds
  A quokka (D:1)
  7 frilled lizards
  2 goblins (D:1)
  5 rats
50 creatures vanquished.

Notes
Turn   | Place    | Note
-------+----------+-------------------------------------------
     0 | D:1      | qw the Spriggan Hunter began the quest for the Orb.
     0 | D:1      | Reached XP level 1. HP: 10/10 MP: 2/2
     0 | D:1      | 0 ||| qw: Version: 0.3-a-160-g6735b56
     0 | D:1      | 0 ||| qw: Game counter: 5266
     0 | D:1      | 0 ||| qw: Melee chars always use a shield: true
     0 | D:1      | 0 ||| qw: God list: Okawaru
     0 | D:1      | 0 ||| qw: Allow faded altars: false
     0 | D:1      | 0 ||| qw: Do Orc after clearing Dungeon:15 true
     0 | D:1      | 0 ||| qw: Do second Lair branch before Depths: true
     0 | D:1      | 0 ||| qw: Lair rune preference: random
     0 | D:1      | 0 ||| qw: Goals: Normal
     0 | D:1      | 0 ||| PLANNING D:1-11
    33 | D:1      | Reached skill level 3 in Dodging
   100 | D:1      | Reached XP level 2. HP: 14/14 MP: 3/3
   172 | D:1      | Found a faded altar of an unknown god.
   617 | D:1      | 617 ||| READING scroll labelled LOET YNNUREAWO.
   617 | D:1      | 617 ||| ENCHANTING +0 shortbow.
   618 | D:1      | 618 ||| READING scroll labelled MUD EVVILI.
   623 | D:1      | 623 ||| DRINKING 3 fizzy white potions.
   624 | D:1      | 624 ||| DRINKING 2 silvery potions.
   625 | D:1      | 625 ||| DROPPING scroll of butterflies.
   730 | D:2      | 730 ||| RETREEEEATING.
   731 | D:2      | 731 ||| RETREEEEATING.
   732 | D:2      | 732 ||| RETREEEEATING.
   733 | D:2      | 733 ||| RETREEEEATING.
   734 | D:2      | 734 ||| RETREEEEATING.
   735 | D:2      | 735 ||| RETREEEEATING.
   739 | D:2      | HP: 1/14 [gnoll/+0 spear (4)]
   740 | D:2      | 740 ||| DRINKING potion of heal wounds.
   742 | D:2      | Reached XP level 3. HP: 18/18 MP: 4/4
   759 | D:2      | 759 ||| FLEEEEING.
   760 | D:2      | 760 ||| FLEEEEING.
   765 | D:2      | 765 ||| FLEEEEING.
   766 | D:2      | 766 ||| FLEEEEING.
   797 | D:2      | 797 ||| FLEEEEING.
   815 | D:2      | Reached XP level 4. HP: 22/22 MP: 5/5
   900 | D:2      | 900 ||| DROPPING +4 sling.
  1602 | D:2      | 1602 ||| READING 2 scrolls labelled DUIV FUXYORUXT.
  1602 | D:2      | 1602 ||| IDENTIFYING murky white potion
  1603 | D:2      | 1603 ||| READING scroll of identify.
  1603 | D:2      | 1603 ||| IDENTIFYING bubbling orange potion
  1604 | D:2      | 1604 ||| READING scroll labelled VEWOSS FIOKH.
  1605 | D:2      | 1605 ||| READING scroll labelled VURA UVIYMAGUU.
  1606 | D:2      | 1606 ||| DRINKING 2 murky grey potions.
  1607 | D:2      | 1607 ||| DROPPING potion of magic.
  1609 | D:2      | 1609 ||| Stepping ~*~*~tactically~*~*~ (cloud).
  1713 | D:3      | Noticed Ijyb
  1718 | D:3      | 1718 ||| FLEEEEING.
  1719 | D:3      | 1719 ||| FLEEEEING.
  1720 | D:3      | 1720 ||| FLEEEEING.
  1721 | D:3      | 1721 ||| FLEEEEING.
  1722 | D:3      | 1722 ||| FLEEEEING.
  1723 | D:3      | 1723 ||| FLEEEEING.
  1724 | D:3      | 1724 ||| FLEEEEING.
  1725 | D:3      | 1725 ||| FLEEEEING.
  1726 | D:3      | 1726 ||| FLEEEEING.
  1727 | D:3      | 1727 ||| FLEEEEING.
  1728 | D:3      | 1728 ||| FLEEEEING.
  1729 | D:3      | 1729 ||| FLEEEEING.
  1730 | D:3      | 1730 ||| FLEEEEING.
  1731 | D:3      | 1731 ||| FLEEEEING.
  1732 | D:3      | 1732 ||| FLEEEEING.
  1733 | D:3      | 1733 ||| FLEEEEING.
  1734 | D:3      | 1734 ||| FLEEEEING.
  1735 | D:3      | 1735 ||| FLEEEEING.
  1736 | D:3      | 1736 ||| STAIRDANCE
  1738 | D:2      | 1738 ||| FLEEEEING.
  1739 | D:2      | 1739 ||| FLEEEEING.
  1740 | D:2      | 1740 ||| FLEEEEING.
  1741 | D:2      | 1741 ||| FLEEEEING.
  1742 | D:2      | 1742 ||| FLEEEEING.
  1743 | D:2      | 1743 ||| FLEEEEING.
  1744 | D:2      | 1744 ||| FLEEEEING.
  1745 | D:2      | 1745 ||| FLEEEEING.
  1746 | D:2      | 1746 ||| FLEEEEING.
  1772 | D:3      | Killed Ijyb
  1872 | D:3      | Noticed Natasha
  1884 | D:3      | Killed Natasha
  1888 | D:3      | Noticed Natasha
  1890 | D:3      | 1890 ||| FLEEEEING.
  1891 | D:3      | 1891 ||| FLEEEEING.
  1892 | D:3      | 1892 ||| FLEEEEING.
  1893 | D:3      | 1893 ||| FLEEEEING.
  1894 | D:3      | 1894 ||| FLEEEEING.
  1895 | D:3      | 1895 ||| FLEEEEING.
  1896 | D:3      | 1896 ||| FLEEEEING.
  1903 | D:3      | HP: 4/22 [Natasha/magic dart (6)]
  1904 | D:3      | 1904 ||| DRINKING potion of heal wounds.
  1908 | D:3      | Killed Natasha
  1909 | D:3      | Reached XP level 5. HP: 21/26 MP: 6/6
  1987 | D:3      | Found Jaewim's Jewellery Boutique.
  1995 | D:3      | 1995 ||| SHOPLISTING ring of Rissoc Xipi {rPois rF+ Str+6
                  | Dex-3} (526 gold, have 176).
  1995 | D:3      | 1995 ||| SHOPLISTING ring of fire (275 gold, have 176).
  1995 | D:3      | 1995 ||| SHOPLISTING ring of resist corrosion (220 gold,
                  | have 176).
  1995 | D:3      | 1995 ||| SHOPLISTING ring of willpower (275 gold, have
                  | 176).
  2450 | D:3      | Found a runed translucent door.
  2451 | D:3      | Noticed Crazy Yiuf
  2454 | D:3      | 2454 ||| READING 2 scrolls of identify.
  2454 | D:3      | 2454 ||| IDENTIFYING yellow potion
  2455 | D:3      | 2455 ||| READING scroll of identify.
  2455 | D:3      | 2455 ||| IDENTIFYING emerald potion
  2456 | D:3      | 2456 ||| READING scroll labelled REOXZU KUTOLUSCH.
  2557 | D:3      | 2557 ||| READING scroll labelled XINNIC XO KOG.
  2558 | D:3      | 2558 ||| DROPPING potion of ambrosia.
  2673 | D:4      | Killed from afar by an orc priest

Levels and vault maps discovered:
D:1:      dpeg_arrival_rooms_b, layout_basic,
          shapermc_ecumenical_altar_flowoftime, minmay_tetromino_o2
D:2:      layout_basic
D:3:      layout_basic, serial_shops, nicolae_shop_behind_doors,
          nicolae_concentric_dashed_squares_wild, uniq_ijyb,
          uniq_crazy_yiuf_cottage, uniq_natasha
D:4:      layout_basic, serial_shops, shop

Skill      XL: |  1  2  3  4 |
---------------+-------------+-----
Dodging        | 3 4 5 |  5.4
Ranged Weapons | 5 |  5.2
Fighting       | 2 |  2.0
Stealth        | |  1.5

Action                     |  1- 3 |  4- 6 || total
---------------------------+-------+-------++-------
   Fire: Shortbow          |    75 |    80 ||   155
    Use: Potion            |     3 |     2 ||     5
         Scroll            |     2 |     8 ||    10
 Armour: Robe              |     7 |     9 ||    16
  Dodge: Dodged            |    25 |    18 ||    43

Table legend:
 A = Non-vault XP
 B = Vault XP
 C = Vault XP percentage of total XP
 D = Non-vault monster count
 E = Vault monster count
 F = Vault count percentage of total count
                 A         B        C        D         E       F
            +---------+---------+-------+---------+---------+-------
      Total |     176 |      75 |  29.9 |      46 |       4 |   8.0
            +---------+---------+-------+---------+---------+-------
        D:1 |      32 |       4 |  11.1 |      20 |       2 |   9.1
        D:2 |      72 |       0 |   0.0 |       7 |       0 |   0.0
        D:3 |      64 |      71 |  52.6 |      16 |       2 |  11.1
        D:4 |       8 |       0 |   0.0 |       3 |       0 |   0.0
            +---------+---------+-------+---------+---------+-------
